 Dungeon Crawl Stone Soup version 0.32-a0-791-gfc315c9ecd (webtiles) character file.

Game seed: 1364880838134286586

681 zenocrate the Digger (level 7, -5/45 HPs)
             Began as an Octopode Earth Elementalist on Mar 21, 2024.
             Slain by a hornet (17 damage)
             ... on level 5 of the Dungeon.
             The game lasted 00:04:08 (3735 turns).

zenocrate the Digger (Octopode Earth Elementalist)  Turns: 3735, Time: 00:04:09

Health: -5/45      AC:  1    Str:  7    XL:     7   Next: 61%
Magic:  2/11       EV: 13    Int: 26    God:
Gold:   367        SH:  0    Dex: 12    Spells: 3/12 levels left

rFire   . . .        a - +0 rapier
rCold   . . .        (no shield)
rNeg    . . .        (helmet currently unavailable)
rPois   .            d - amulet of the acrobat
rElec   .            n - +6 ring of intelligence
rCorr   .            (no ring)
SInv    .            (no ring)
Will    .....        (no ring)
Stlth   +++          (no ring)
HPRegen 0.27/turn    (no ring)
MPRegen 0.12/turn    (no ring)
                     (no ring)

%: acrobat
@: beast-form, slowed, very slow
A: beast (slay +1), almost no armour, amphibious, 8 rings, camouflage 1,
gelatinous body 1, (nimble swimmer 1), tentacles
a: Begin Untransformation


You were on level 5 of the Dungeon.
You were a hulking beast.
You visited 1 branch of the dungeon, and saw 5 of its levels.

You collected 367 gold pieces.

Inventory:

Hand Weapons
 a - a +0 rapier (weapon)
Missiles
 h - 2 throwing nets
Jewellery
 d - an amulet of the acrobat (around mantle)
 n - a +6 ring of intelligence (left tentacle)
Talismans
 g - a maw talisman
 o - a beast talisman (active)
Scrolls
 b - 3 scrolls of blinking
 e - a scroll of teleportation {unknown}
 j - a scroll of poison {unknown}
Potions
 c - 2 potions of curing
 f - 2 potions of magic
 i - 3 potions of cancellation
 k - a potion of might
 l - a potion of ambrosia
 m - a potion of attraction {unknown}
 p - a potion of haste {unknown}


   Skills:
 - Level 2.4 Fighting
 - Level 3.5 Dodging
 - Level 3.1 Stealth
 + Level 2.7 Unarmed Combat
 - Level 3.0 Spellcasting
 - Level 2.6 Conjurations
 - Level 4.3 Earth Magic
 * Level 3.0 Shapeshifting


You had 3 spell levels left.
You knew the following spells:

 Your Spells              Type           Power      Damage    Failure   Level
a - Stone Arrow           Conj/Erth      44%        3d9       7%          3
b - Sandblast             Erth           52%        2d12      1%          1
c - Petrify               Alch/Erth      15%        N/A       36%         4
m - Apportation           Tloc           8%         N/A       10%         1

Your spell library contained the following spells:

 Spells                   Type           Power      Damage    Failure   Level
 Passwall                 Erth           26%        N/A       4%          3
 Sting                    Conj/Alch      40%        1d5       5%          1
 Necrotise                Necr           16%        1d4       10%         1
 Summon Small Mammal      Summ           16%        N/A       10%         1
 Call Imp                 Summ           8%         N/A       14%         2
 Sublimation of Blood     Necr           4%         N/A       14%         2
 Brom's Barrelling Bould  Conj/Erth      22%        2d4       22%         4
 Summon Hydra             Summ           2%         N/A       100%        7


Dungeon Overview and Level Annotations

Branches:
Dungeon (5/15)
 Temple: D:4-7

Altars:
Cheibriados
Makhleb
The Shining One

Annotations:
D:3 1 runed translucent door, Crazy Yiuf


Innate Abilities, Weirdness & Mutations

You are a hulking beast.
Your limbs bulge with bestial killing power. (Slay +1)
You cannot wear most types of armour.
You are amphibious.
You can wear up to eight rings at the same time.
Your skin changes colour to match your surroundings (Stealth+).
Your rubbery body absorbs attacks. (AC +1, EV +1)
((You are camouflaged when in or above water. (Stealth+)))
You have tentacles for arms and can constrict up to eight enemies at once.


Message History

Press: ? - help, Shift-Dir - straight line, f - hornet
Aim: a hornet (57% to hit)
The stone arrow hits the hornet!
The hornet is moderately wounded.
The hornet stings you.
You feel yourself slow down.
Unknown command.
Unknown command.
Casting: Stone Arrow (dangerous; 7% risk of failure)
Confirm with . or Enter, or press ? or * to list all spells.
Aiming: Stone Arrow (dangerous; 7% risk of failure)
Press: ? - help, Shift-Dir - straight line, f/p - hornet
Aim: a hornet (moderately wounded, 57% to hit)
The stone arrow hits the hornet.
The hornet is moderately wounded.
The hornet stings you.
You feel as though you will be slow longer.
The hornet stings you!
You feel as though you will be slow longer.
Unknown command.
Unknown command.
You hit the hornet. Your grab misses the hornet. You squeeze the hornet.
The hornet is severely wounded.
The hornet stings you!
* * * LOW HITPOINT WARNING * * *
You feel as though you will be slow longer.
The hornet barely misses you.
An orc comes into view. It is wielding a +0 club.
The hornet barely misses you.
Unknown command.
Okay, then.
Casting: Stone Arrow (dangerous; 7% risk of failure)
Confirm with . or Enter, or press ? or * to list all spells.
Aiming: Stone Arrow (dangerous; 7% risk of failure)
Press: ? - help, Shift-Dir - straight line, f/p - hornet
Aim: a hornet (severely wounded, 57% to hit)
The stone arrow hits the hornet!
The hornet is almost dead.
The orc shouts!
The hornet misses you. The hornet stings you!
You die...

###.....#....#
#..#.......
#............#
#.##.......
.............#
.. #......
....#........#
.. ....
##..##?#.....#
####.#..## ##
##....#..#
#.y......#
#.)#h.....#
#..#)......#
............#
.............#
...y...........#
#...............
#..o............
.......>.##...


You could see a hornet and an orc.

Vanquished Creatures
  An ogre (D:4)
  4 scorpions
  A bombardier beetle (D:3)
  2 hounds
  An orc priest (D:4)
  3 iguanas (D:4)
  6 adders
  5 dart slugs
  2 ribbon worms (D:2)
  9 orcs
  6 endoplasms
  3 giant cockroaches
  3 goblins
  8 hobgoblins
  8 jackals
  8 quokkas
  4 ball pythons (D:1)
  5 bats
  6 frilled lizards
  8 kobolds
  5 rats
  A butterfly (D:1)
99 creatures vanquished.

Notes
Turn   | Place    | Note
-------+----------+-------------------------------------------
     0 | D:1      | zenocrate the Octopode Earth Elementalist began the quest
                  | for the Orb.
     0 | D:1      | Reached XP level 1. HP: 11/11 MP: 3/3
   107 | D:1      | Reached XP level 2. HP: 16/18 MP: 5/5
   825 | D:2      | Reached XP level 3. HP: 22/22 MP: 6/6
   848 | D:2      | Reached skill level 1 in Fighting
   852 | D:2      | Learned a level 3 spell: Stone Arrow
  1167 | D:2      | Found a snail-covered altar of Cheibriados.
  1247 | D:2      | Reached skill level 1 in Unarmed Combat
  1247 | D:2      | Reached XP level 4. HP: 3/28 MP: 5/7
  1599 | D:2      | Learned a level 1 spell: Apportation
  1711 | D:3      | Reached XP level 5. HP: 33/33 MP: 8/8
  2114 | D:3      | Found a runed translucent door.
  2115 | D:3      | Noticed Crazy Yiuf
  2204 | D:3      | Found a faded altar of an unknown god.
  2428 | D:3      | Found a glowing golden altar of the Shining One.
  2511 | D:3      | Learned a level 4 spell: Petrify
  2512 | D:4      | Found a burning altar of Makhleb.
  2583 | D:4      | Noticed an ogre
  2591 | D:4      | Killed an ogre
  2592 | D:4      | Reached skill level 4 in Earth Magic
  2592 | D:4      | Reached XP level 6. HP: 39/39 MP: 7/10
  3313 | D:4      | Reached skill level 1 in Shapeshifting
  3313 | D:4      | Reached XP level 7. HP: 43/45 MP: 11/11
  3583 | D:5      | Entered Level 5 of the Dungeon
  3727 | D:5      | Noticed a hornet
  3735 | D:5      | Slain by a hornet

Illustrated notes

Levels and vault maps discovered:
D:1:      spicycebolla_arrival_clurvy, layout_loops_ring,
          minmay_misc_feat_ornament, minmay_pentomino_s2
D:2:      layout_loops_ring, basic_altar, minmay_fractal_squares_gapless_5
D:3:      layout_basic, tso_altar, shapermc_ecumenical_altar_ellora,
          nicolae_eternal_life, minivault_23, skrybe_limestone_x,
          uniq_crazy_yiuf_cottage
D:4:      layout_basic, amcnicky_altar_gilded
D:5:      layout_cave_pools

Skill      XL: |  1  2  3  4  5  6  7 |
---------------+----------------------+-----
Stealth        | 3 |  3.1
Fighting       | 1 2 |  2.4
Unarmed Combat | 1 2 |  2.7
Dodging        | 3 |  3.5
Conjurations   | 2 |  2.6
Earth Magic    | 4 |  4.3
Spellcasting   | 3 |  3.0
Shapeshifting  | 1 3 |  3.0

Action                     |  1- 3 |  4- 6 |  7- 9 || total
---------------------------+-------+-------+-------++-------
  Melee: Unarmed           |    29 |       |       ||    29
         Constrict         |    25 |    15 |    11 ||    51
         Tentacles         |    19 |    13 |     8 ||    40
         Punch             |     1 |       |       ||     1
         Short sword       |    42 |    49 |       ||    91
         Rapier            |       |    28 |    28 ||    56
   Cast: Sandblast         |    10 |    11 |       ||    21
         Stone Arrow       |       |     2 |     7 ||     9
    Use: Scroll            |       |     5 |       ||     5
         Potion            |       |     2 |       ||     2
   Stab: Sleeping          |    16 |    13 |     1 ||    30
 Armour: Skin              |    31 |    29 |    13 ||    73
  Dodge: Dodged            |    43 |    62 |    20 ||   125
   Form: Beast             |       |     1 |       ||     1

Table legend: (Time is in decaauts)
 A = Elapsed time spent in this place.
 B = Non-inter-level travel time spent in this place.
 C = Inter-level travel time spent in this place.
 D = Time resting spent in this place.
 E = Time spent auto-exploring this place.
 F = Levels seen in this place.
 G = Mean time per level.
                   A        B        C        D        E       F      G
               +--------+--------+--------+--------+--------+-----+--------+
         Total |   3755 |   3656 |     99 |      0 |   3005 |   5 |  751.0 |
       Dungeon |   3755 |   3656 |     99 |      0 |   3005 |   5 |  751.0 |
               +--------+--------+--------+--------+--------+-----+--------+

Top non-repeatable levels by time:
     D:4: 1081 daAuts
     D:3: 848 daAuts
     D:2: 846 daAuts
     D:1: 822 daAuts
     D:5: 156 daAuts
